 Dungeon Crawl Stone Soup version 0.23.1 (webtiles) character file.

Game seed: 10031342647654076386

7 kae the Sneak (level 2, -1/22 HPs)
             Began as a Naga Enchanter on Mar 19, 2019.
             Splashed by a jelly's acid (9 damage)
             ... on level 2 of the Dungeon.
             The game lasted 00:00:55 (1138 turns).

kae the Sneak (Naga Enchanter)                      Turns: 1138, Time: 00:00:56

Health: -1/22      AC:  1    Str: 10    XL:     2   Next: 4%
Magic:  1/5        EV:  9    Int: 15    God:
Gold:   88         SH:  5    Dex: 11    Spells: 2/5 levels left

rFire    . . .     SeeInvis +   a - +1 dagger
rCold    . . .     Gourm    .   h - +2 buckler
rNeg     . . .     Faith    .   b - +0 robe
rPois    +         Spirit   .   (no helmet)
rElec    .         Reflect  .   (no cloak)
rCorr    .         Harm     .   (no gloves)
MR       .....                  (no barding)
Stlth    +++.......             (no amulet)
HPRegen  0.07/turn              (no ring)
MPRegen  0.09/turn              (no ring)

@: very slow
A: large, see invisible, deformed body, poison resistance, slowness 2, slow
metabolism 1, spit poison 1, AC +0
a: Spit Poison


You were on level 2 of the Dungeon.
You were not hungry.

You visited 1 branch of the dungeon, and saw 2 of its levels.

You collected 88 gold pieces.

Inventory:

Hand Weapons
 a - a +1 dagger (weapon)
Armour
 b - a +0 robe (worn)
 h - a +2 buckler (worn)
Scrolls
 c - 2 scrolls of identify
 e - 2 scrolls of remove curse
 f - 2 scrolls of teleportation {unknown}
Potions
 g - a potion of resistance
Comestibles
 d - 3 rations


   Skills:
 - Level 1.0 Short Blades
 - Level 1.5 Dodging
 * Level 4.9 Stealth
 + Level 0.0 Shields
 + Level 2.1 Spellcasting
 + Level 3.1 Hexes


You had 2 spell levels left.
You knew the following spells:

 Your Spells              Type           Power        Failure   Level  Hunger
a - Corona                Hex            ##.....      10%         1    #......
b - Ensorcelled Hibernat  Hex/Ice        #.....       28%         2    ###....

Your spell library contained the following spells:

 Spells                   Type           Power        Failure   Level  Hunger
 Confuse                  Hex            ##......     30%         3    ###....
 Tukima's Dance           Hex            ##......     30%         3    ###....
 Dazzling Spray           Conj/Hex       #.....       50%         3    ###....


Dungeon Overview and Level Annotations

Branches:
Dungeon (2/15)

Altars:


Innate Abilities, Weirdness & Mutations

You cannot wear boots.
Your serpentine skin is tough. (AC +0)
You have supernaturally acute eyesight. (SInv)
Armour fits poorly on your strangely shaped body.
Your system is resistant to poisons. (rPois)
You cover ground very slowly.
You have a slow metabolism.
You can spit poison.


Message History

Memorise Ensorcelled Hibernation, consuming 2 spell levels and leaving 2?
You start memorising the spell.
You continue memorising. x2
You finish memorising.
Spell assigned to 'b'.
You open the door.
Casting: Corona (safe; 10% risk of failure)
Confirm with . or Enter, or press ? or * to list all spells.
Aiming: Ensorcelled Hibernation (safe; 28% risk of failure)
Press: ? - help, Shift-Dir - straight line, f - jelly
Aim: a jelly (hasn't noticed you, chance to defeat MR: 47%)
The jelly quivers.
The jelly resists with some effort.
The jelly hits you.
You are splashed with acid!
Casting: Ensorcelled Hibernation (safe; 28% risk of failure)
Confirm with . or Enter, or press ? or * to list all spells.
Aiming: Ensorcelled Hibernation (safe; 28% risk of failure)
Press: ? - help, Shift-Dir - straight line, f/p - jelly
Aim: a jelly (chance to defeat MR: 47%)
The jelly resists with some effort.
The jelly hits you.
You are splashed with acid!
You die...

.......###.#..........#.#
.....##..#######..>.....#
#.#..##.##.....######...#
#.......#... .. #.^.....####
..#.....#... . ####.#.....#
........#+##+ #+####.#...#.#
#.......# #.#........#.#
#.......#+##+##J#.####..##.#
................@.# #.....#
.....#<...........# ##.####
.....#......(.....# #.#
.........#.##.##### #.#
.........#.##.# #.#
....######.## #.# #### #.#
#.# #.# #.# #<# #.#


You could see a jelly.

Vanquished Creatures
  A giant cockroach (D:1)
  A goblin (D:1)
  2 hobgoblins (D:1)
  A frilled lizard (D:1)
  A kobold (D:1)
  A rat (D:2)
7 creatures vanquished.

Notes
Turn   | Place    | Note
-------+----------+-------------------------------------------
     0 | D:1      | kae the Naga Enchanter began the quest for the Orb.
     0 | D:1      | Reached XP level 1. HP: 15/15 MP: 3/3
   766 | D:1      | Reached XP level 2. HP: 22/22 MP: 5/5
  1136 | D:2      | Learned a level 2 spell: Ensorcelled Hibernation
  1138 | D:2      | Splashed by a jelly's acid

Action                   || total
-------------------------++-------
Melee: Dagger            ||    15
 Cast: Corona            ||     2
       Ensorcelled Hiber ||     2
 Abil: Spit Poison       ||     1
  Use: Scroll            ||     3
 Stab: Sleeping          ||     3
Dodge: Dodged            ||     6
